 Dungeon Crawl Stone Soup version 0.17-a0-1882-g750edc8 (webtiles) character file.

11 horredgrones the Insei (level 2, 0/18 HPs)
             Began as an Octopode Transmuter on Sept 22, 2015.
             Slain by Sigmund
             ... wielding a +0 scythe
              (6 damage)
             ... on level 2 of the Dungeon.
             The game lasted 00:03:09 (1183 turns).

horredgrones the Insei (Octopode Transmuter)        Turns: 1183, Time: 00:03:10

Health: 0/18       AC:  0    Str:  9    XL:     2   Next: 29%
Magic:  5/5        EV: 14    Int: 15    God:
Gold:   39         SH:  0    Dex: 12    Spells: 1 memorised, 4 levels left

rFire  . . .     SeeInvis .       - Unarmed
rCold  . . .     Clarity  .     (shield currently unavailable)
rNeg   . . .     SustAt   .     (helmet currently unavailable)
rPois  .         Gourm    .     (no amulet)
rElec  .         Spirit   .     (ring currently unavailable)
rCorr  .         Warding  .     (ring currently unavailable)
rMut   .         Stasis   .     (ring currently unavailable)
MR     .....                    (ring currently unavailable)
Stlth  +.........               (ring currently unavailable)
                                (ring currently unavailable)
                                (ring currently unavailable)
                                (ring currently unavailable)

@: confused, pig-form, very quick, not resistant to hostile enchantments, very
unstealthy
A: almost no armour, amphibious, (8 rings), (constrict 8), (camouflage 0),
(gelatinous body 0)
a: no special abilities


You were on level 2 of the Dungeon.
You were hungry.
You were a filthy swine.
You visited 1 branch of the dungeon, and saw 2 of its levels.

You collected 39 gold pieces.

Inventory:

Missiles
 a - 12 arrows
 i - 8 poisoned needles
Jewellery
 d - a cursed ring of loudness {unknown}
 h - an uncursed amulet of the gourmand {unknown}
Magical devices
 k - a wand of frost (16)
Scrolls
 e - a scroll of teleportation {unknown}
Books
 b - a book of Changes

   Spells                             Type                      Level
   a - Beastly Appendage              Transmutation                1
   b - Sticks to Snakes               Transmutation                2
   c - Spider Form                    Transmutation/Poison         3
   d - Ice Form                       Ice/Transmutation            4
   e - Blade Hands                    Transmutation                5
Comestibles
 c - 3 bread rations
 f - a slice of pizza
 j - a beef jerky


   Skills:
 - Level 1.0 Fighting
 + Level 2.3 Dodging
 * Level 3.4 Unarmed Combat
 - Level 2.0 Spellcasting
 - Level 2.0 Transmutations


You had 4 spell levels left.
You knew the following spells:

 Your Spells              Type           Power        Failure   Level  Hunger
a - Beastly Appendage     Trmt           #.....       12%         1    #......


Dungeon Overview and Level Annotations

Branches:
Dungeon (2/15)

Altars:

Annotations:
D:2 Sigmund


Innate Abilities, Weirdness & Mutations

You cannot wear most types of armour.
You are amphibious.
((You can wear up to eight rings at the same time.))
((You can use your tentacles to constrict eight enemies at once.))
((Your skin changes colour to match your surroundings (Stealth).))
((Your rubbery body absorbs attacks (AC +1).))


Message History

You miss the bat. The bat hits you. The bat hits you. The bat misses you.
You tentacle-slap the bat.
You kill the bat!
You bump into the rock wall.
You hear a zap.
Something tries to affect you, but you resist.
You're too confused to move!
You hear a zap.
You turn into a filthy swine.
You bump into the rock wall.
Something hits you!
Unknown command.
You hear a zap.
You see here a bat corpse.
You feel less confused.
You hear some strange, mumbled words.
You are confused.
You see here a bat corpse.
You hit something. Something hits you.
You die...

#..## #$.......#
##.# #....(...#
#.## #........#
#..# #/........
##.# #........#
#.# #........#
#.## #........#
#..# #.{..#
#######.# ##h###
........## #.#
#...........###.#
#............##.#
#............##.#
#............##.#
#.............#.#
#.............#.#
#............#
########


There were no monsters in sight!

Vanquished Creatures
  A hobgoblin (D:1)
  2 kobolds (D:1)
  4 bats
  A giant newt (D:1)
  2 goblins
  A rat (D:1)
11 creatures vanquished.

Notes
Turn   | Place    | Note
--------------------------------------------------------------
     0 | D:1      | horredgrones the Octopode Transmuter began the quest for the Orb.
     0 | D:1      | Reached XP level 1. HP: 13/13 MP: 3/3
   772 | D:1      | Reached XP level 2. HP: 18/18 MP: 5/5
  1002 | D:2      | Noticed Sigmund
  1183 | D:2      | Slain by Sigmund

Vault maps used:
D:1:      dpeg_arrival_round_b, minivault_25
D:2:      grunt_dithmenos_smoke_and_mirrors, eino_tiny_chamber, uniq_sigmund,
          uniq_natasha

Action                   || total
-------------------------++-------
Melee: Unarmed           ||    26
Evoke: Wand              ||     2
